 Dungeon Crawl Stone Soup version 0.31.0-32-g396128a36d (webtiles) character file.

Game seed: 4039085783155891266

14 mainiacjoe the Caller (level 2, 0/17 HPs)
             Began as an Octopode Summoner on Mar 30, 2024.
             Slain by a jackal (1 damage)
             ... on level 1 of the Dungeon.
             The game lasted 00:03:11 (361 turns).

mainiacjoe the Caller (Octopode Summoner)            Turns: 361, Time: 00:03:13

Health: 0/17       AC:  1    Str:  7    XL:     2   Next: 41%
Magic:  1/5        EV: 13    Int: 17    God:
Gold:   0          SH:  0    Dex: 12    Spells: 2/5 levels left

rFire   . . .        g - +2 short sword (holy)
rCold   . . .        (no shield)
rNeg    . . .        (helmet restricted)
rPois   .            (no amulet)
rElec   .            (no ring)
rCorr   .            (no ring)
SInv    .            (no ring)
Will    .....        (no ring)
Stlth   +++          (no ring)
HPRegen 0.22/turn    (no ring)
MPRegen 0.09/turn    (no ring)
                     (no ring)

%: no passive effects
@: no status effects
A: almost no armour, amphibious, 8 rings, camouflage 1, gelatinous body 1,
(nimble swimmer 1), tentacles
a: no special abilities


You were on level 1 of the Dungeon.
You visited 1 branch of the dungeon, and saw 1 of its levels.

Inventory:

Hand Weapons
 a - a +0 whip
 b - a +0 orcbow
 g - a +2 short sword of holy wrath (weapon)
Missiles
 f - 4 stones
Potions
 c - a potion of mutation {unknown}
 d - a potion of curing {unknown}
 e - a potion of magic


   Skills:
 - Level 2.0 Dodging
 - Level 2.6 Stealth
 - Level 2.0 Spellcasting
 + Level 4.6 Summonings


You had 2 spell levels left.
You knew the following spells:

 Your Spells              Type           Power      Damage    Failure   Level
a - Summon Small Mammal   Summ           68%        N/A       3%          1
b - Call Imp              Summ           34%        N/A       4%          2

Your spell library contained the following spells:

 Spells                   Type           Power      Damage    Failure   Level
 Call Canine Familiar     Summ           17%        N/A       9%          3
 Summon Blazeheart Golem  Fire/Summ      9%         N/A       58%         4
 Summon Lightning Spire   Summ/Air       9%         N/A       58%         4


Dungeon Overview and Level Annotations

Branches:
Dungeon (1/15)

Altars:


Innate Abilities, Weirdness & Mutations

You cannot wear most types of armour.
You are amphibious.
You can wear up to eight rings at the same time.
Your skin changes colour to match your surroundings (Stealth+).
Your rubbery body absorbs attacks. (AC +1, EV +1)
((You are camouflaged when in or above water. (Stealth+)))
You have tentacles for arms and can constrict up to eight enemies at once.


Message History

You closely miss the jackal. You grab the jackal. You constrict the jackal.
The rat misses you. The jackal barely misses you. x2
The jackal bites you but does no damage.
Casting: Summon Small Mammal (safe; 3% risk of failure)
Confirm with . or Enter, or press ? or * to list all spells.
You constrict the jackal, but do no damage.
The jackal bites you. The jackal barely misses you. The jackal misses you.
The rat bites you but does no damage. The jackal closely misses you.
You hit the jackal but do no damage. Your grab misses the jackal.
You squeeze the jackal.
The jackal is lightly wounded.
You constrict the jackal. The jackal barely misses you.
The jackal closely misses you. The rat barely misses you. The jackal bites you.
The jackal barely misses you.
The jackal bites you but does no damage.
You closely miss the jackal. Your grab misses the jackal.
Your squeeze misses the jackal.
The jackal is lightly wounded.
You constrict the jackal, but do no damage.
The jackal closely misses you. x2; The rat barely misses you.
The jackal misses you.
Your rat bites the jackal.
You barely miss the jackal. You grab the jackal.
The jackal is moderately wounded.
You constrict the jackal, but do no damage.
You constrict the jackal. The jackal bites you.
* * * LOW HITPOINT WARNING * * *
The jackal closely misses you. x2; The rat bites you.
* * * LOW HITPOINT WARNING * * *
The jackal bites you.
* * * LOW HITPOINT WARNING * * *
The jackal closely misses you.
Your rat bites the jackal.
The jackal dies!
The jackal completely misses you.
You hit the jackal but do no damage.
The jackal is moderately wounded.
You constrict the jackal, but do no damage.
The rat closely misses you. The jackal bites you.
* * * LOW HITPOINT WARNING * * *
The jackal bites you.
You die...

.....# ####.# # #.# #
#.# ########## ####.#
#........# .....#
#........# .#####
#........# ...#
#....[r..# ##.#
#.....@†.#
#.########†...rhh.#
#........'$..........
##########.............
#.............
#............. #
#########..... #
######## .....
#####......#


You could see 2 jackals, a rat and a friendly rat (summoned).

Vanquished Creatures
  2 jackals (D:1)
  A kobold (D:1)
3 creatures vanquished.

Vanquished Creatures (collateral kills)
  A goblin (D:1)
  4 jackals (D:1)
  A ball python (D:1)
  3 frilled lizards (D:1)
  A kobold (D:1)
10 creatures vanquished.

Grand Total: 13 creatures vanquished

Notes
Turn   | Place    | Note
-------+----------+-------------------------------------------
     0 | D:1      | mainiacjoe the Octopode Summoner began the quest for the
                  | Orb.
     0 | D:1      | Reached XP level 1. HP: 11/11 MP: 3/3
   180 | D:1      | Reached XP level 2. HP: 17/17 MP: 5/5
   211 | D:1      | Learned a level 2 spell: Call Imp
   361 | D:1      | Slain by a jackal

Illustrated notes

Levels and vault maps discovered:
D:1:      dpeg_arrival_connections, layout_basic

Action                     || total
---------------------------++-------
  Melee: Whip              ||     6
         Short sword       ||     6
         Constrict         ||     5
         Tentacles         ||     3
   Fire: Orcbow            ||    10
   Cast: Summon Small Mamm ||    14
         Call Imp          ||     2
 Armour: Skin              ||    25
  Dodge: Dodged            ||    47
